 Dungeon Crawl Stone Soup version 0.25.1-2-g60ff931df9 (webtiles) character file.

Game seed: 10108140731950232293

67 KyoPewz the Gusty (level 4, 0/24 HPs)
             Began as a Tengu Air Elementalist on Oct 2, 2020.
             Killed from afar by Sigmund (7 damage)
             ... with a magic dart
             ... on level 2 of the Dungeon.
             The game lasted 00:07:37 (1622 turns).

KyoPewz the Gusty (Tengu Air Elementalist)          Turns: 1622, Time: 00:07:38

Health: 0/24       AC:  3    Str:  9    XL:     4   Next: 16%
Magic:  7/8        EV: 12    Int: 16    God:
Gold:   78         SH:  0    Dex: 14    Spells: 3/7 levels left

rFire    . . .     SeeInvis .   i - +0 short sword
rCold    . . .     Gourm    .   (no shield)
rNeg     . . .     Faith    .   a - +0 robe
rPois    .         Spirit   .   (helmet restricted)
rElec    .         Reflect  .   (no cloak)
rCorr    .         Harm     .   s - +0 pair of gloves
MR       .....                  (boots unavailable)
Stlth    ++........             (no amulet)
HPRegen  0.08/turn              (no ring)
MPRegen  0.11/turn              (no ring)

@: no status effects
A: beak, talons 3
a: no special abilities


You were on level 2 of the Dungeon.
You were not hungry.

You visited 1 branch of the dungeon, and saw 2 of its levels.

You collected 78 gold pieces.

Inventory:

Hand Weapons
 g - a +0 hunting sling
   (You found it on level 1 of the Dungeon)
 i - a +0 short sword (weapon)
   (You took it off a kobold on level 1 of the Dungeon)
 k - a +0 dagger
   (You took it off a kobold on level 1 of the Dungeon)
 n - a +0 hunting sling
   (You found it on level 1 of the Dungeon)
Missiles
 l - 31 stones (quivered)
 p - 13 poisoned darts
Armour
 a - a +0 robe (worn)
 b - a +0 buckler
   (You found it on level 1 of the Dungeon)
 m - a +0 leather armour
   (You found it on level 1 of the Dungeon)
 s - a +0 pair of gloves (worn)
   (You found it on level 2 of the Dungeon)
Scrolls
 c - 2 scrolls of noise {unknown}
 d - a scroll of identify {unknown}
 f - a scroll of fear {unknown}
 h - a scroll of magic mapping {unknown}
 r - a scroll of immolation {unknown}
 u - a scroll of fog {unknown}
Potions
 j - a potion of degeneration {unknown}
 o - a potion of heal wounds {unknown}
 q - a potion of haste {unknown}
 t - a potion of lignification {unknown}
Comestibles
 e - 4 rations {!d}
 v - 3 chunks of flesh


   Skills:
 - Level 2.1 Dodging
 - Level 2.0 Stealth
 + Level 0.7 Shields
 - Level 2.0 Spellcasting
 + Level 3.6 Conjurations
 + Level 5.3 Air Magic


You had 3 spell levels left.
You knew the following spells:

 Your Spells              Type           Power        Failure   Level  Hunger
a - Shock                 Conj/Air       ###.         3%          1    #......
d - Static Discharge      Conj/Air       ###.....     10%         3    ###....

Your spell library contained the following spells:

 Spells                   Type           Power        Failure   Level  Hunger
 Swiftness                Chrm/Air       ##......     11%         2    ###....
 Airstrike                Air            ###.......   24%         4    #####..
 Lightning Bolt           Conj/Air       ###.......   67%         5    ######.


Dungeon Overview and Level Annotations

Branches:
Dungeon (2/15)

Altars:

Annotations:
D:2 Sigmund


Innate Abilities, Weirdness & Mutations

You have a beak for a mouth.
You have claws for feet.


Message History

The zap hits the ball python.
You kill the ball python!
You can't see any susceptible monsters within range! (Use Z to cast anyway.)
You butcher the dart slug corpse.
v - 2 chunks of flesh
Found a ration.
You see here a ball python corpse.
You butcher the ball python corpse.
v - 3 chunks of flesh (gained 1)
You see here a ball python skeleton. x2
An adder comes into view.
The adder hisses angrily.
Sigmund the Dreaded comes into view.
He is wielding a +0 scythe.
Found a shiny bone ring.
Found an escape hatch in the floor.
Aim: Sigmund, wielding a +0 scythe and wearing a +2 robe (wandering, hasn't noticed you)
Okay, then.
Aim: an adder The zap hits the adder.
The adder bites you but does no damage.
Aim: an adder (lightly wounded)
The zap hits the adder.
Sigmund shouts!
The adder barely misses you.
Aim: an adder (severely wounded)
The zap misses the adder.
The adder barely misses you. The adder misses you.
Aim: an adder (severely wounded)
The zap hits the adder.
You kill the adder!
Sigmund casts a spell at you. The magic dart hits you!
Sigmund gestures at you while chanting.
You are confused.
You feel less confused.
Sigmund says, "Don't worry, I'll kill you fast."
Sigmund gestures at you while chanting.
You are confused.
Sigmund points at you and mumbles some strange words.
The magic dart hits you!
* * * LOW HITPOINT WARNING * * *
Sigmund points at you and mumbles some strange words.
The puff of flame hits you.
* * * LOW HITPOINT WARNING * * *
Sigmund points at you and mumbles some strange words.
You resist with some effort.
Sigmund gestures wildly while chanting.
Sigmund flickers and vanishes!
Deactivating autopickup; reactivate with Ctrl-A.
You feel less confused.
A magic dart appears from out of thin air!
The magic dart hits you!
You die...

#########.#.# ..###
<.......#.#.# ......
..#####.#.#.# ......
........#.#.# ......
...######.#.####....
...................
...######.#.##♣.♣♣♣
...######.#.##..P.♣
......#...#...♣.@.♣
....#.#...####♣♣♣.♣♣♣
#####.#...# ♣.PP♣♣
......#...# ♣♣...♣
##...##.####### ♣...♣
............... #♣..♣
##..÷.)........ #{.#
#............. #.##
##..PP...#########.#


There were no monsters in sight!

Vanquished Creatures
  Terence (D:2)
  2 adders (D:2)
  A dart slug (D:2)
  A giant cockroach (D:1)
  2 goblins (D:1)
  A hobgoblin (D:1)
  A quokka (D:2)
  3 ball pythons
  5 bats
  A frilled lizard (D:1)
  4 kobolds (D:1)
  4 rats (D:1)
26 creatures vanquished.

Notes
Turn   | Place    | Note
-------+----------+-------------------------------------------
     0 | D:1      | KyoPewz the Tengu Air Elementalist began the quest for the
                  | Orb.
     0 | D:1      | Reached XP level 1. HP: 10/10 MP: 4/4
   364 | D:1      | Reached XP level 2. HP: 13/15 MP: 4/6
  1069 | D:2      | Noticed Terence
  1119 | D:2      | Killed Terence
  1119 | D:2      | Reached skill level 5 in Air Magic
  1119 | D:2      | Reached XP level 3. HP: 8/19 MP: 0/7
  1491 | D:2      | Reached XP level 4. HP: 24/24 MP: 2/8
  1496 | D:2      | Learned a level 3 spell: Static Discharge
  1582 | D:2      | Noticed Sigmund
  1622 | D:2      | Killed from afar by Sigmund

Illustrated notes

Levels and vault maps discovered:
D:1:      dpeg_arrival_signposts, layout_rooms, serial_rivers,
          chequers_serial_rivers_small_a, chequers_serial_rivers_small_3,
          chequers_serial_rivers_room_a, chequers_serial_rivers_small_3,
          chequers_serial_rivers_micro_e, chequers_serial_rivers_micro_d
D:2:      layout_basic, lemuel_coloured_pillars_altar, serial_forest,
          infiniplex_forest_lined_4_way, infiniplex_forest_clump_curved,
          infiniplex_forest_clump_tiny, infiniplex_forest_clump_diagonal,
          infiniplex_forest_lined_room_2, infiniplex_forest_diagonal,
          uniq_terence, uniq_sigmund

Skill      XL: |  1  2 |
---------------+-------+-----
Conjurations   | 2 3 |  3.6
Air Magic      | 5 |  5.3
Dodging        | |  2.1
Stealth        | |  2.0
Shields        | |  0.7
Spellcasting   | |  2.0

Action                   |  1- 3 |  4- 6 || total
-------------------------+-------+-------++-------
Melee: Club              |     2 |       ||     2
       Short sword       |     6 |       ||     6
       Peck              |     1 |       ||     1
       Kick              |     1 |       ||     1
 Cast: Shock             |    51 |     8 ||    59
 Stab: Sleeping          |     1 |       ||     1
  Eat: Chunk             |     3 |       ||     3
Armor: Robe              |     9 |     1 ||    10
Dodge: Dodged            |    15 |     3 ||    18
